AoeStats
← [GG] Shevchenko 7

Arena

509546583Analyzed
3v3 RM · 6d ago on Sep 27, 2026· 53m 41s· 6 players
Game mode
Random Map
Map size
Normal (6 player)
Population
200
Speed
Normal
Resources
Standard
Victory
Conquest
Starting age
Dark Age
Ending age
Imperial Age
RankedLock teamsTeams togetherTeam positionsShared explorationLock speedFull tech treeHidden civsTurbo modeCheats
Victory
Defeat
🇧🇷 Malians · Brazil
945
+11
🇧🇷 Lithuanians · Brazil
935
+11
🇧🇷 Slavs · Brazil
847
+15
🇺🇸 Hindustanis · United States
898
-15
🇺🇸 Jurchens · United States
827
-12
🇲🇽 Cumans · Mexico
763
-10
sinko peso
7:56 Loom
16:28 Feudal Age
18:13 Wheelbarrow
17:31 Gold Mining
17:33 Stone Mining
17:11 Man-at-Arms
17:52 Horse Collar
19:06 Double-Bit Axe
23:45 Scale Mail Armor
23:57 Forging
27:47 Castle Age
26:35 Town Watch
27:03 Scale Barding Armor
28:37 Bloodlines
29:45 Hand Cart
29:46 Bow Saw
30:25 Squires
30:52 Caravan
33:06 Gold Shaft Mining
33:36 Chain Barding Armor
35:12 Iron Casting
37:31 Chain Mail Armor
36:39 Long Swordsman
39:09 Steppe Husbandry
39:50 Arson
43:30 Imperial Age
45:09 Conscription
45:22 Elite Kipchak
46:52 Plate Barding Armor
46:08 Fletching
46:19 Padded Archer Armor
47:20 Blast Furnace
48:22 Chemistry
47:19 Murder Holes
49:34 Pikeman
49:45 Cavalier
51:16 Plate Mail Armor
rockstar_vb
11:03 Feudal Age
11:57 Double-Bit Axe
16:02 Castle Age
14:02 Horse Collar
15:46 Gold Mining
16:10 Forging
16:07 Scale Barding Armor
17:02 Bloodlines
18:14 Bow Saw
19:46 Gold Shaft Mining
26:31 Wheelbarrow
28:02 Iron Casting
27:35 Squires
28:19 Hand Cart
32:40 Imperial Age
35:31 Chemistry
40:00 Blast Furnace
41:18 Heavy Camel Rider
Hazardus Chemikals
10:18 Feudal Age
9:05 Loom
11:22 Double-Bit Axe
17:40 Castle Age
17:52 Horse Collar
18:48 Heavy Plow
23:42 Bow Saw
26:04 Wheelbarrow
25:18 Town Watch
27:07 Arson
27:56 Gold Mining
28:29 Forging
29:37 Stone Mining
33:14 Imperial Age
31:06 Light Cavalry
31:49 Husbandry
33:42 Herbal Medicine
35:04 Bloodlines
34:59 Fortified Bastions
37:29 Crop Rotation
38:00 Two-Man Saw
37:20 Pikeman
38:01 Squires
38:33 Elite Fire Lancer
39:52 Hand Cart
41:33 Gold Shaft Mining
41:34 Stone Shaft Mining
[GG] Trezeguet
9:14 Feudal Age
12:13 Loom
15:17 Castle Age
14:24 Double-Bit Axe
22:30 Gold Mining
24:06 Forging
23:57 Scale Mail Armor
23:52 Horse Collar
29:30 Imperial Age
27:09 Husbandry
27:23 Heavy Plow
28:32 Light Cavalry
29:39 Scale Barding Armor
30:25 Wheelbarrow
32:03 Crop Rotation
34:57 Bloodlines
35:29 Chain Mail Armor
36:17 Cavalier
54:20 Iron Casting
54:16 Plate Mail Armor
54:22 Plate Mail Armor
[GG] Shevchenko 7
9:54 Feudal Age
10:52 Loom
11:54 Town Watch
15:21 Castle Age
14:34 Double-Bit Axe
15:10 Horse Collar
17:16 Heavy Plow
17:54 Bow Saw
20:53 Fervor
23:24 Scale Mail Armor
31:01 Wheelbarrow
31:15 Husbandry
31:23 Scale Barding Armor
31:29 Forging
34:54 Imperial Age
33:11 Gold Mining
33:12 Stone Mining
33:15 Pikeman
33:56 Squires
35:06 Halberdier
35:28 Cavalier
37:13 Paladin
38:22 Hand Cart
38:56 Chain Barding Armor
39:13 Iron Casting
41:29 Plate Barding Armor
41:10 Chain Mail Armor
42:52 Fletching
43:03 Padded Archer Armor
42:41 Light Cavalry
43:31 Bloodlines
43:47 Tower Shields
43:48 Hill Forts
47:08 Chemistry
46:28 Ballistics
47:39 Crop Rotation
48:13 Two-Man Saw
49:19 Leather Archer Armor
48:59 Bodkin Arrow
51:42 Murder Holes
52:01 Redemption
52:12 Sanctity
53:22 Spies/Treason
[GG] Ibrahimovic
5:09 Loom
11:44 Feudal Age
13:03 Horse Collar
13:10 Double-Bit Axe
21:04 Castle Age
19:43 Wheelbarrow
19:02 Gold Mining
20:04 Forging
20:00 Scale Mail Armor
20:02 Padded Archer Armor
19:27 Man-at-Arms
20:36 Town Watch
21:18 Long Swordsman
22:37 Iron Casting
22:19 Chain Mail Armor
22:58 Squires
22:44 Pikeman
24:44 Leather Archer Armor
27:42 Town Patrol
32:16 Hand Cart
35:20 Fletching
37:43 Bodkin Arrow
45:56 Murder Holes
54:05 Imperial Age
Connection lost

Rejoining the realm…

Still unreachable

The connection could not be restored.

Session expired

The server has moved on; the page needs a fresh start.